 Dungeon Crawl Stone Soup version 0.28.0-45-g0d030f2227 (webtiles) character file.

Game seed: 4546200388531660624

229 hawla the Stinger (level 5, -1/39 HPs)
             Began as a Draconian Venom Mage on Apr 24, 2022.
             Slain by an orc
             ... wielding a +0 club
              (3 damage)
             ... on level 3 of the Dungeon.
             The game lasted 00:13:05 (3635 turns).

hawla the Stinger (Draconian Venom Mage)            Turns: 3635, Time: 00:13:05

Health: -1/39      AC:  7    Str: 10    XL:     5   Next: 71%
Magic:  3/18       EV: 12    Int: 17    God:
Gold:   121        SH:  0    Dex: 12    Spells: 7/10 levels left

rFire   . . .      SeeInvis .   e - +2 quarterstaff (chaos)
rCold   . . .      Faith    .   (shield currently unavailable)
rNeg    . . .      Spirit   .   (armour unavailable)
rPois   .          Reflect  .   (helmet restricted)
rElec   .          Harm     .   f - +1 cloak
rCorr   .          Rampage  .   (no gloves)
Will    .....                   (no boots)
Stlth   ++........              (no amulet)
HPRegen 0.13/turn               c - ring of magical power
MPRegen 0.16/turn               (no ring)

@: no status effects
A: AC +5, unfitting armour, cold-blooded
a: no special abilities


You were on level 3 of the Dungeon.
You visited 1 branch of the dungeon, and saw 3 of its levels.

You collected 121 gold pieces.

Inventory:

Hand Weapons
 e - a +2 quarterstaff of chaos (weapon)
Missiles
 d - 5 poisoned darts (quivered)
 g - 6 atropa-tipped darts
Armour
 f - a +1 cloak (worn)
Magical Staves
 b - a staff of fire
Jewellery
 c - a ring of magical power (left hand)
 i - an amulet of regeneration
Scrolls
 h - a scroll of identify


   Skills:
 + Level 0.3 Fighting
 + Level 0.3 Staves
 + Level 2.1 Dodging
 + Level 2.2 Stealth
 + Level 3.1 Spellcasting
 + Level 2.8 Transmutations
 + Level 1.0 Air Magic
 + Level 4.4 Poison Magic


You had 7 spell levels left.
You knew the following spells:

 Your Spells              Type           Power      Damage    Failure   Level
a - Sting                 Tmut/Pois      56%        1d5       4%          1
b - Poisonous Vapours     Pois/Air       22%        N/A       9%          2

Your spell library contained the following spells:

 Spells                   Type           Power      Damage    Failure   Level
 Mephitic Cloud           Conj/Pois/Air  8%         N/A       24%         3
 Olgreb's Toxic Radiance  Pois           17%        N/A       28%         4


Dungeon Overview and Level Annotations

Branches:
Dungeon (3/15)

Altars:

Shops:
D:2 ?


Innate Abilities, Weirdness & Mutations

Your plain brown scales are hard. (AC +5)
You cannot fit into any form of body armour.
You are cold-blooded and may be slowed by cold attacks.


Message History

You tail-slap the orc priest, but do no damage.
The orc priest is severely wounded.
The orc priest hits you but does no damage.
The orc misses you. The dart slug launches a dart at you.
The slug dart hits you.
You aren't carrying any potions.
As you read the scroll labelled ZEGHAINORE, it crumbles to dust.
You feel aware of your surroundings.
It was a scroll of magic mapping.
The orc priest mumbles some strange prayers to Beogh against you.
Pain shoots through your body!
* * * LOW HITPOINT WARNING * * *
The orc closely misses you.
Your magical contamination has completely faded away.
The orc priest invokes the aid of Beogh against you.
Beogh smites you!
* * * LOW HITPOINT WARNING * * *
The orc barely misses you.
The orc looks more healthy.
You feel a bit more experienced.
Your Air Magic skill increases to level 1!
Casting: Sting (safe; 4% risk of failure)
Confirm with . or Enter, or press ? or * to list all spells.
Aiming: Sting (safe; 4% risk of failure)
Press: ? - help, Shift-Dir - straight line, f - orc
Aim: an orc, wielding a +0 club and wearing a +0 chain mail (almost dead, 79% to hit)
The sting hits the orc but does no damage.
The orc is poisoned.
The orc is almost dead.
The orc hits you but does no damage.
Casting: Sting (safe; 4% risk of failure)
Confirm with . or Enter, or press ? or * to list all spells.
Aiming: Sting (safe; 4% risk of failure)
Press: ? - help, Shift-Dir - straight line, f/p - orc
Aim: an orc, wielding a +0 club and wearing a +0 chain mail (almost dead, poisoned, 79% to hit)
The sting hits the orc but does no damage.
The orc looks even sicker.
The orc is almost dead.
The orc hits you with a +0 club.
You die...

,,,,,,,,,,,,,,....,,*##.,,***,,,,
**,,,,*,*****,,..#**...#,*,,,***,
*,,,***,** *,*#[##*.#.#,*,*,***,
*,,** **,* *,*#g.##...###,,,**,,
***,***,** *,*#.............,,,*
**,*,** *,*#.ow..####.#'##,**
**,** *,*###.#.####....,,* *,*
#.####........#.#*** * *,*
#...@oo..####.#.## * *,*
######..### #....## ******,*
#..#.###.....### ,,,,,,,*
#............... ********
##.#.###.#.##### * #.### #.#.# *
#.#####.#.# #(......#.#
#########.#


You could see 2 orcs.

Vanquished Creatures
  A water moccasin skeleton (D:2)
  Crazy Yiuf (D:2)
  An orc priest (D:3)
  4 gnolls (D:3)
  3 adders (D:2)
  An orc (D:3)
  5 endoplasms
  2 giant cockroaches (D:1)
  6 goblins
  8 hobgoblins
  3 jackals (D:1)
  6 kobolds
  4 ball pythons
  7 bats (D:1)
  5 frilled lizards
  3 rats
60 creatures vanquished.

Notes
Turn   | Place    | Note
-------+----------+-------------------------------------------
     0 | D:1      | hawla the Draconian Venom Mage began the quest for the Orb.
     0 | D:1      | Reached XP level 1. HP: 14/14 MP: 3/3
   163 | D:1      | Reached XP level 2. HP: 6/20 MP: 0/5
   166 | D:1      | Learned a level 2 spell: Poisonous Vapours
  1221 | D:1      | Reached XP level 3. HP: 26/26 MP: 6/6
  1612 | D:2      | Found Lotegixi's Magic Scroll Shoppe.
  1830 | D:2      | Reached XP level 4. HP: 10/33 MP: 7/7
  2129 | D:2      | Found a runed translucent door.
  2130 | D:2      | Noticed Crazy Yiuf
  2206 | D:2      | Reached skill level 4 in Poison Magic
  3180 | D:3      | Reached XP level 5. HP: 38/38 MP: 9/9
  3246 | D:2      | Killed Crazy Yiuf
  3630 | D:3      | HP: 1/38 [orc priest/divine providence (8)]
  3633 | D:3      | Reached skill level 1 in Air Magic
  3635 | D:3      | Slain by an orc

Illustrated notes

Levels and vault maps discovered:
D:1:      ebering_trefoil_twist, layout_rooms
D:2:      layout_basic, serial_shops, shop_scrolls, kennysheep_doodads,
          minivault_26, hex_intersection, serial_bayou_pond_e,
          uniq_crazy_yiuf_cottage
D:3:      layout_loops_corners, hangedman_decor_growths, minmay_starry_boxes

Skill      XL: |  1  2  3  4  5 |
---------------+----------------+-----
Stealth        | 2 |  2.2
Dodging        | 2 |  2.1
Transmutations | 2 |  2.8
Poison Magic   | 4 |  4.4
Spellcasting   | 3 |  3.1
Air Magic      | 1 |  1.0
Fighting       | |  0.3
Staves         | |  0.3

Action                   |  1- 3 |  4- 6 || total
-------------------------+-------+-------++-------
Melee: Unarmed           |    49 |       ||    49
       Tailslap          |     4 |     5 ||     9
       Staff             |       |     5 ||     5
       Quarterstaff      |       |     5 ||     5
 Cast: Sting             |    49 |    51 ||   100
       Poisonous Vapours |    17 |    13 ||    30
  Use: Potion            |     3 |     1 ||     4
       Scroll            |     2 |     4 ||     6
Armor: Skin              |    26 |    13 ||    39
Dodge: Dodged            |    67 |    24 ||    91
